AoeStats
← 17_Neo_

African Clearing

506002288Analyzed
3v3 RM · 20d ago on Sep 12, 2026· 57m 18s· 6 players
Game mode
Random Map
Map size
Normal (6 player)
Population
200
Speed
Normal
Resources
Standard
Victory
Conquest
Starting age
Dark Age
Ending age
Imperial Age
RankedLock teamsTeams togetherTeam positionsShared explorationLock speedFull tech treeHidden civsTurbo modeCheats
Victory
Defeat
🇲🇽 Mongols · Mexico
1397
+14
🇲🇽 Huns · Mexico
1345
+16
🇨🇿 Burgundians · Czechia
1332
+16
🇨🇴 Maya · Colombia
1405
-18
🇨🇴 Teutons · Colombia
1321
-14
🇨🇴 Italians · Colombia
1304
-14
Logan
13:32 Loom
15:18 Feudal Age
17:28 Wheelbarrow
20:31 Castle Age
21:30 Fletching
22:00 Padded Archer Armor
31:54 Bodkin Arrow
32:15 Leather Archer Armor
35:22 Ballistics
44:15 Imperial Age
44:17 Elite Genoese Crossbowman
46:50 Chemistry
47:30 Elite Skirmisher
50:13 Bracer
50:43 Ring Archer Armor
RAGNAROK
14:23 Loom
16:09 Feudal Age
21:42 Castle Age
19:37 Double-Bit Axe
19:39 Horse Collar
21:34 Bloodlines
22:15 Scale Barding Armor
51:09 Forging
53:39 Wheelbarrow
17_Neo_
7:55 Loom
15:35 Feudal Age
19:53 Castle Age
18:21 Fletching
18:22 Double-Bit Axe
18:18 Horse Collar
18:30 Gold Mining
20:36 Bodkin Arrow
21:33 Thumb Ring
22:42 Ballistics
24:22 Padded Archer Armor
27:40 Leather Archer Armor
33:53 Town Watch
38:30 Bow Saw
44:37 Imperial Age
42:58 Wheelbarrow
45:21 Bracer
46:22 Chemistry
45:18 Elite Plumed Archer
47:05 Pikeman
47:45 Squires
48:17 Ring Archer Armor
47:56 Halberdier
48:37 Scale Mail Armor
49:39 Forging
49:16 Arson
49:57 Conscription
50:09 Chain Mail Armor
49:18 Elite Skirmisher
51:56 Plate Mail Armor
53:10 Iron Casting
54:18 Hul'che Javelineers
54:11 Eagle Warrior
56:07 Iron Casting
victorH
5:28 Loom
13:49 Feudal Age
18:08 Castle Age
16:45 Double-Bit Axe
20:34 Bow Saw
22:01 Fletching
23:41 Padded Archer Armor
25:24 Bodkin Arrow
25:51 Horse Collar
26:37 Heavy Plow
29:16 Thumb Ring
30:19 Leather Archer Armor
33:06 Ballistics
39:04 Imperial Age
38:38 Wheelbarrow
39:05 Heavy Cavalry Archer
40:16 Parthian Tactics
39:59 Bracer
41:37 Chemistry
45:46 Hand Cart
45:59 Capped Ram
47:03 Siege Ram
48:34 Elite Skirmisher
50:36 Conscription
52:07 Scale Barding Armor
53:29 Chain Barding Armor
53:20 Forging
55:07 Marauders
56:01 Husbandry
56:12 Bloodlines
57:41 Plate Barding Armor
57:43 Iron Casting
El cochi
4:35 Loom
12:48 Feudal Age
13:43 Double-Bit Axe
14:53 Fletching
22:47 Castle Age
22:08 Padded Archer Armor
31:41 Elite Skirmisher
43:05 Imperial Age
43:52 Bodkin Arrow
44:04 Town Watch
43:53 Capped Ram
44:58 Conscription
46:37 Bow Saw
46:54 Bracer
46:56 Siege Ram
49:07 Leather Archer Armor
50:05 Ballistics
54:11 Chemistry
56:01 Drill
Melioth
4:12 Loom
7:28 Double-Bit Axe
13:02 Feudal Age
13:17 Horse Collar
15:02 Forging
22:25 Scale Barding Armor
22:23 Heavy Plow
22:37 Bow Saw
22:25 Gold Mining
25:51 Castle Age
24:49 Gold Shaft Mining
24:04 Stone Mining
24:57 Wheelbarrow
27:35 Iron Casting
27:20 Chain Barding Armor
27:17 Husbandry
27:42 Cavalier
33:02 Crop Rotation
33:18 Hand Cart
43:31 Two-Man Saw
47:18 Imperial Age
47:32 Paladin
49:13 Blast Furnace
48:49 Plate Barding Armor
49:01 Light Cavalry
49:41 Hussar
54:38 Stone Shaft Mining
56:13 Coinage
57:33 Banking
Connection lost

Rejoining the realm…

Still unreachable

The connection could not be restored.

Session expired

The server has moved on; the page needs a fresh start.